 Dungeon Crawl Stone Soup version 0.27-a0-1084-g78b3836a5f (webtiles) character file.

Game seed: 17086670668079162912

384 scammafunk the Poker (level 6, -7/51 HPs)
             Began as a Merfolk Fighter on Apr 27, 2021.
             Was a Follower of Makhleb.
             Mangled by an ogre
             ... wielding a +0 giant club
              (27 damage)
             ... on level 5 of the Dungeon.
             The game lasted 00:11:31 (4316 turns).

scammafunk the Poker (Merfolk Fighter)              Turns: 4316, Time: 00:11:32

Health: -7/51      AC:  4    Str: 22    XL:     6   Next: 77%
Magic:  0/7        EV: 11    Int:  7    God:    Makhleb [*.....]
Gold:   104        SH:  0    Dex: 13    Spells: 7/7 levels left

rFire    . . .     SeeInvis .   a - +0 trident (vamp)
rCold    . . .     Faith    .   (no shield)
rNeg     . . .     Spirit   +   l - +1 robe "Goewn" {Str+3 Slay+3}
rPois    .         Reflect  .   (no helmet)
rElec    .         Harm     .   (no cloak)
rCorr    .         Rampage  .   j - +0 pair of gloves
Will     .....                  (no boots)
Stlth    +.........             n - amulet of guardian spirit
HPRegen  0.17/turn              (no ring)
MPRegen  0.10/turn              (no ring)

@: no status effects
A: (nimble swimmer 2), mertail
a: Renounce Religion


You were on level 5 of the Dungeon.
You worshipped Makhleb.
Makhleb was aware of your devotion.
You visited 2 branches of the dungeon, and saw 6 of its levels.

You collected 212 gold pieces.
You spent 108 gold pieces at shops.

Inventory:

Hand Weapons
 a - a +0 vampiric trident (weapon)
Armour
 j - a +0 pair of gloves (worn)
 l - the +1 robe "Goewn" (worn) {Str+3 Slay+3}
   (You bought it in a shop on level 4 of the Dungeon)

   It affects your strength (+3).
   It affects your accuracy and damage with ranged weapons and melee attacks
   (+3).
Magical Staves
 k - a staff of conjuration
Jewellery
 n - an amulet of guardian spirit (around neck)
Scrolls
 f - a scroll of acquirement {unknown}
 i - a scroll of brand weapon
Potions
 b - a potion of haste {unknown}
 c - a potion of curing {unknown}
 d - a potion of might
 e - a potion of attraction
 g - 3 potions of lignification


   Skills:
 + Level 5.4 Fighting
 + Level 6.2 Polearms
 - Level 3.4 Armour
 - Level 3.0 Shields
 + Level 1.1 Spellcasting


You had 7 spell levels left.
You didn't know any spells.
Your spell library contained the following spells:

 Spells                   Type           Power      Damage    Failure   Level
 Animate Skeleton         Necr           0%         N/A       38%         1
 Apportation              Tloc           0%         N/A       38%         1
 Corona                   Hex            0%         N/A       38%         1
 Summon Small Mammal      Summ           0%         N/A       38%         1
 Call Imp                 Summ           0%         N/A       54%         2
 Call Canine Familiar     Summ           0%         N/A       77%         3
 Summon Guardian Golem    Hex/Summ       0%         N/A       77%         3
 Summon Ice Beast         Ice/Summ       0%         N/A       99%         4
 Summon Lightning Spire   Summ/Air       0%         N/A       99%         4


Dungeon Overview and Level Annotations

Branches:
Dungeon (5/15)             Temple (1/1) D:4

Altars:
Cheibriados
Dithmenos
Elyvilon
Fedhas
Gozag
Hepliaklqana
Kikubaaqudgha
Makhleb
Nemelex Xobeh
Okawaru
Qazlal
Ru
Sif Muna
Trog
Uskayaw
Wu Jian
Zin
The Shining One

Shops:
D:4 [

Annotations:
D:4 Menkaure


Innate Abilities, Weirdness & Mutations

((You are quick and stealthy near water. (Stealth+, EV+, Speed+++)))
Your lower body shifts to a powerful aquatic tail in water.


Message History

The jackal bites you but does no damage.
The jackal barely misses you.
Your Polearms skill increases to level 6!
Your Spellcasting skill increases to level 1!
You puncture the jackal!
You feel better.
You kill the jackal!
Makhleb accepts your kill.
You feel better.
The jackal bites you but does no damage.
The jackal closely misses you. The jackal misses you.
Things that are here:
a jackal corpse; a black bear corpse; a jackal corpse You miss the jackal.
The jackal misses you.
You miss the jackal. The jackal closely misses you.
You barely miss the jackal. The jackal bites you.
The jackal bites you but does no damage.
You closely miss the jackal.
The jackal bites you but does no damage.
You closely miss the jackal. The jackal bites you.
You puncture the jackal!
You kill the jackal!
Makhleb accepts your kill.
An ogre comes into view. It is wielding a +0 giant club.
The ogre shouts!
You hear a shout!
The ogre hits you with a +0 giant club!
You hit the ogre.
The ogre is lightly wounded.
You hit the ogre.
The ogre is moderately wounded.
The ogre barely misses you.
You barely miss the ogre.
The ogre is moderately wounded.
The ogre hits you with a +0 giant club!!
* * * LOW HITPOINT WARNING * * *
An ogre comes into view. It is wielding a +0 giant club.
You puncture the ogre!
You feel better.
The ogre is almost dead.
The ogre hits you with a +0 giant club!!
Ouch! That really hurt!
You die...

#....#############
#...[.†..<.>..?..
...#[...#########.
####.# #.# #.#
#.## #..# ##@#
#O....# ..###....
##.O ## ###


You could see 2 ogres.

Vanquished Creatures
  A black bear (D:5)
  A centaur (D:3)
  A water moccasin skeleton (D:4)
  Crazy Yiuf (D:2)
  A hound skeleton (D:4)
  4 adders
  A worm (D:2)
  A dart slug (D:1)
  2 orcs
  7 ball pythons
  7 endoplasms
  5 giant cockroaches
  12 goblins
  5 hobgoblins
  11 jackals
  4 quokkas
  2 bats (D:3)
  A frilled lizard (D:1)
  9 kobolds
  3 rats
79 creatures vanquished.

Notes
Turn   | Place    | Note
-------+----------+-------------------------------------------
     0 | D:1      | scammafunk the Merfolk Fighter began the quest for the Orb.
     0 | D:1      | Reached XP level 1. HP: 18/18 MP: 1/1
   273 | D:1      | Reached XP level 2. HP: 24/24 MP: 2/2
   574 | D:2      | Found a runed translucent door.
   575 | D:2      | Noticed Crazy Yiuf
   585 | D:2      | Killed Crazy Yiuf
   586 | D:2      | Reached skill level 4 in Polearms
   586 | D:2      | Reached XP level 3. HP: 6/30 MP: 3/3
   874 | D:2      | HP: 1/30 [goblin/+0 dagger (3)]
   876 | D:2      | Reached XP level 4. HP: 1/37 MP: 4/4
  1727 | D:3      | Noticed a centaur
  1742 | D:3      | Killed a centaur
  1743 | D:3      | Reached skill level 5 in Polearms
  1743 | D:3      | Reached XP level 5. HP: 29/43 MP: 5/5
  1964 | D:3      | Found a faded altar of an unknown god.
  1973 | D:3      | Became a worshipper of Makhleb the Destroyer
  1973 | D:3      | Reached * piety under Makhleb
  2389 | D:3      | Found a hazy altar of Hepliaklqana.
  2605 | D:4      | Found a staircase to the Ecumenical Temple.
  2611 | Temple   | Entered the Ecumenical Temple
  3193 | D:4      | Reached XP level 6. HP: 47/50 MP: 6/6
  3265 | D:4      | Found Sefiod's Antique Armour Emporium.
  3275 | D:4      | Reached skill level 5 in Fighting
  3279 | D:4      | Bought a distressingly furry robe for 108 gold pieces
  3279 | D:4      | Identified the +1 robe "Goewn" {Str+3 Slay+3} (You bought
                  | it in a shop on level 4 of the Dungeon)
  3312 | D:4      | Found a stormy altar of Qazlal.
  3327 | D:4      | Found an opulent altar of Gozag.
  3338 | D:4      | Noticed Menkaure
  4282 | D:5      | Entered Level 5 of the Dungeon
  4283 | D:5      | Noticed a black bear
  4297 | D:5      | Killed a black bear
  4298 | D:5      | Reached skill level 6 in Polearms
  4298 | D:5      | Reached skill level 1 in Spellcasting
  4316 | D:5      | Mangled by an ogre

Illustrated notes

Levels and vault maps discovered:
D:1:      minmay_arrival_checkered_box, layout_basic
D:2:      layout_rooms, minmay_misc_feat_ornament, grunt_decor_arrowhead,
          uniq_crazy_yiuf_cottage
D:3:      layout_loops_ring, nicolae_hepliaklqana_hippocampus,
          shapermc_ecumenical_altar_gd, minivault_14, minmay_goblin_outpost
D:4:      layout_loops_ring, lemuel_tele_altar, kennysheep_little_box,
          minmay_temple_entry_wispy, serial_shops, shop_fountains, minivault_14,
          uniq_menkaure
D:5:      layout_rooms, uniq_edmund
Temple:   minmay_temple_curvy_branch

Skill      XL: |  1  2  3  4  5  6 |
---------------+-------------------+-----
Fighting       | 4 5 |  5.4
Polearms       | 4 5 6 |  6.2
Armour         | 3 |  3.4
Spellcasting   | 1 |  1.1
Shields        | |  3.0

Action                   |  1- 3 |  4- 6 || total
-------------------------+-------+-------++-------
Melee: Trident           |    76 |   180 ||   256
       Tailslap          |       |     1 ||     1
  Use: Scroll            |       |     6 ||     6
       Potion            |       |     4 ||     4
 Stab: Sleeping          |       |     1 ||     1
Armor: Scale mail        |    35 |    17 ||    52
       Plate armour      |       |   103 ||   103
       Robe              |       |    15 ||    15
Dodge: Dodged            |    26 |    95 ||   121

Table legend: (Time is in decaauts)
 A = Elapsed time spent in this place.
 B = Non-inter-level travel time spent in this place.
 C = Inter-level travel time spent in this place.
 D = Time resting spent in this place.
 E = Time spent auto-exploring this place.
 F = Levels seen in this place.
 G = Mean time per level.
                   A        B        C        D        E       F      G
               +--------+--------+--------+--------+--------+-----+--------+
         Total |   4328 |   4203 |    125 |    866 |   2626 |   6 |  721.3 |
       Dungeon |   4034 |   3929 |    105 |    866 |   2392 |   5 |  806.8 |
        Temple |    293 |    273 |     20 |      0 |    234 |   1 |  293.0 |
               +--------+--------+--------+--------+--------+-----+--------+

Top non-repeatable levels by time:
     D:4: 1412 daAuts
     D:2: 1097 daAuts
     D:3: 936 daAuts
     D:1: 555 daAuts
  Temple: 293 daAuts
     D:5: 33 daAuts
